 Dungeon Crawl Stone Soup version 0.29-a0-477-g62b78b4225 (console) character file.

Game seed: 3046812273937434090

28 Faeu the Chopper (level 3, -4/31 HPs)
             Began as a Minotaur Berserker on May 25, 2022.
             Was a Follower of Trog.
             Slain by Sigmund
             ... wielding a +0 scythe
              (7 damage)
             ... on level 2 of the Dungeon.
             The game lasted 00:01:10 (1760 turns).

Faeu the Chopper (Minotaur Berserker)               Turns: 1760, Time: 00:01:10

Health: -4/31      AC:  0    Str: 23    XL:     3   Next: 0%
Magic:  2/2        EV: 12    Int:  4    God:    Trog [*.....]
Gold:   69         SH:  0    Dex:  9    Spells: 2/2 levels left

rFire   . . .      SeeInvis .   a - +0 hand axe {axe}
rCold   . . .      Faith    .   (no shield)
rNeg    . . .      Spirit   .   (no body armour)
rPois   .          Reflect  .   (helmet restricted)
rElec   .          Harm     .   (no cloak)
rCorr   .          Rampage  .   (no gloves)
Will    .....                   (no boots)
Stlth   +.........              (no amulet)
HPRegen 0.10/turn               (no ring)
MPRegen 0.08/turn               (no ring)

@: on berserk cooldown, slowed, very slow
A: horns 2, retaliatory headbutt
a: Renounce Religion, Berserk


You were on level 2 of the Dungeon.
You worshipped Trog.
Trog was aware of your devotion.
You visited 1 branch of the dungeon, and saw 2 of its levels.

You collected 69 gold pieces.


Innate Abilities, Weirdness & Mutations

You have a pair of horns on your head.
You reflexively headbutt those who attack you in melee.


   Skills:
 - Level 3.6 Fighting
 + Level 5.1 Axes
 - Level 2.4 Armour
 - Level 2.1 Dodging


You had 2 spell levels left.
You didn't know any spells.
Your spell library was empty.

Inventory:

Hand Weapons
 a - a +0 hand axe (weapon) {axe}
 r - a +0 demon trident of draining {polearm}
   (You found it on level 2 of the Dungeon)
Armour
 b - a +0 animal skin
 e - a +0 leather armour
   (You found it on level 1 of the Dungeon)
 q - the +4 ring mail of Lugonu {Str+3}
   (You found it on level 2 of the Dungeon)

   Str:       It affects your strength (+3).
 s - a +0 hat
   (You found it on level 2 of the Dungeon)
Jewellery
 l - a ring of ice
   (You found it on level 1 of the Dungeon)
Scrolls
 d - 3 scrolls of teleportation {unknown}
 g - a scroll of summoning {unknown}
 h - a scroll of fog {unknown}
 i - 2 scrolls of identify {unknown}
 j - a scroll of amnesia {unknown}
 n - a scroll of enchant armour {unknown}
 p - a scroll of blinking {unknown}
Potions
 c - a potion of haste {unknown}
 f - 2 potions of heal wounds {unknown}
 k - 2 potions of mutation {unknown}
 m - a potion of curing {unknown}
 o - a potion of cancellation {unknown}

Dungeon Overview and Level Annotations

Branches:
Dungeon (2/15)

Altars:
Xom
Yredelemnul

Annotations:
D:2 Sigmund

....## .....# .....#
.....# ......... .....#
#.........
.....######........
.....+........>....
.....#............
#..............#.###
##...........###..?##.##
#............#)@{......
#......†....†#.._..#..#
#........)...†.).[?#
#............##?..##
#.)...........###.#
#....######...# ...
#....# ##.... ####
#....# #...## #....#
##### ############
#..........#


There were no monsters in sight!


Message History

You kill the ball python!
Trog accepts your kill.
A giant cockroach and a ball python come into view.
Found 11 gold pieces and a scroll labelled BOFAEK NAYN.
Found a shimmering altar of Xom.
A goblin comes into view. It is wielding a +0 club.
The goblin shouts!
The ball python hisses angrily.
You hear a shout! 😎 HP[+4]
There are monsters nearby!
A goblin comes into view. It is wielding a +0 club.
The giant cockroach bites you. 😕 HP[-2]
You take 2 damage, and now have 24/26 hp.
There are monsters nearby!
You hit the goblin.
You kill the goblin!
Trog accepts your kill.
You hit the giant cockroach but do no damage.
The giant cockroach completely misses you.
Your Axes skill increases to level 5!
There are monsters nearby!
You barely miss the ball python. You barely miss the giant cockroach.
The giant cockroach misses you. The ball python barely misses you.
The ball python closely misses you.
There are monsters nearby!
You barely miss the ball python. Your headbutt misses the ball python.
You barely miss the giant cockroach. The ball python completely misses you.
The ball python barely misses you. The giant cockroach closely misses you.
There are monsters nearby!
You hit the ball python but do no damage.
You closely miss the giant cockroach. The giant cockroach barely misses you.
The ball python closely misses you. x2; The giant cockroach bites you.
The ball python bites you. The ball python closely misses you.
The goblin hits you with a +0 club. 😮 HP[-6]
You take 6 damage, and now have 18/26 hp.
MASSIVE DAMAGE!! (PAUSE)
There are monsters nearby!
You are too injured to fight recklessly!
There are monsters nearby!
You are too injured to fight recklessly!
The goblin attacks as you move away! The goblin closely misses you.
You furiously retaliate!
You headbutt the goblin!
You kill the goblin!
Trog accepts your kill.
The giant cockroach attacks as you move away!
The giant cockroach closely misses you.
The ball python attacks as you move away!
The ball python completely misses you. You furiously retaliate!
You headbutt the ball python.
You kill the ball python!
Trog accepts your kill.
The giant cockroach waves its antennae.
You see here a ball python corpse.
A red film seems to cover your vision as you go berserk!
You feel yourself moving faster!
You feel mighty!
The giant cockroach barely misses you. 😮 HP[+10]
You now have 39 max hp (+13).
You regained 10 hp, and now have 28/39 hp.
You completely miss the giant cockroach.
The giant cockroach closely misses you.
You closely miss the giant cockroach. The giant cockroach misses you.
You slash the giant cockroach!
You kill the giant cockroach!
Trog accepts your kill.
You have reached level 3!
Your experience leads to an increase in your attributes!
Increase (S)trength, (I)ntelligence, or (D)exterity?
You feel stronger. x2 😮 HP[+5] MP[+1]
You now have 46 max hp (+7).
You regained 5 hp, and now have 33/46 hp.
Your mp is fully restored (2).
Sigmund the Dreaded comes into view.
He is wielding a +0 scythe.
Sigmund shouts!
You see here a giant cockroach corpse.
You feel a strong urge to attack something.
Sigmund drinks a potion.
Sigmund flickers and vanishes!
Deactivating autopickup; reactivate with Ctrl-A.
You are no longer berserk.
You are exhausted.
You feel yourself slow down. Something hits you!
* * * LOW HITPOINT WARNING * * *
Things that are here:
11 gold pieces; a ball python corpse; 😨 HP[-20]
You now have 31 max hp (-15).
You take 20 damage, and now have 13/31 hp.
MASSIVE DAMAGE!! (PAUSE)
You hit something. Something barely misses you. 😨 HP[+1]
You closely miss something. Something hits you!
* * * LOW HITPOINT WARNING * * *
😱 HP[-8]
You take 8 damage, and now have 6/31 hp.
MASSIVE DAMAGE!! (PAUSE)
You closely miss something. Something hits you.
* * * LOW HITPOINT WARNING * * *
😱 HP[-3]
You take 3 damage, and now have 3/31 hp.
You miss something. Your punch misses something. Something hits you!
You die...

Skill      XL: |  1  2 |
---------------+-------+-----
Axes           | 4 5 |  5.1
Fighting       | |  3.6
Armour         | |  2.4
Dodging        | |  2.1

Action                   || total
-------------------------++-------
Melee: Hand axe          ||    55
       Headbutt          ||     5
Invok: Berserk           ||     1
Armor: Animal skin       ||     3
Dodge: Dodged            ||    37

Levels and vault maps discovered:
D:1:      minmay_arrival_plants_in_alcoves, layout_basic,
          minmay_misc_feat_tower, minmay_cut_off
D:2:      layout_basic, basic_altar, grunt_ministairs_10, st_stairs_4,
          minmay_hexomino_r4, uniq_sigmund

Notes
Turn   | Place    | Note
-------+----------+-------------------------------------------
     0 | D:1      | Faeu the Minotaur Berserker began the quest for the Orb.
     0 | D:1      | Reached XP level 1. HP: 19/19 MP: 0/0
     0 | D:1      | magus.rc [v1.9.6]
   409 | D:1      | Reached skill level 4 in Axes
   752 | D:1      | Reached XP level 2. HP: 20/26 MP: 1/1
  1489 | D:2      | Identified the +4 ring mail of Lugonu {Str+3}
  1498 | D:2      | Found a basalt altar of Yredelemnul.
  1741 | D:2      | Found a shimmering altar of Xom.
  1745 | D:2      | Reached skill level 5 in Axes
  1754 | D:2      | Reached XP level 3. HP: 31/31 MP: 2/2
  1754 | D:2      | Noticed Sigmund
  1758 | D:2      | HP: 6/31 [something (8)]
  1760 | D:2      | Slain by Sigmund

Vanquished Creatures
  A dart slug (D:2)
  2 bats
  2 endoplasms (D:1)
  2 giant cockroaches
  2 goblins (D:2)
  2 hobgoblins (D:1)
  A quokka (D:2)
  4 ball pythons
  A frilled lizard (D:2)
  3 kobolds
  3 rats (D:1)
23 creatures vanquished.

Vanquished Creatures (others)
  2 plants (D:1)
2 creatures vanquished.

Grand Total: 25 creatures vanquished

Table legend:
 A = Non-vault XP
 B = Vault XP
 C = Vault XP percentage of total XP
 D = Non-vault monster count
 E = Vault monster count
 F = Vault count percentage of total count
                 A         B        C        D         E       F
            +---------+---------+-------+---------+---------+-------
      Total |      24 |      17 |  41.5 |      13 |      10 |  43.5
            +---------+---------+-------+---------+---------+-------
        D:1 |      15 |       4 |  21.1 |       9 |       3 |  25.0
        D:2 |       9 |      13 |  59.1 |       4 |       7 |  63.6
            +---------+---------+-------+---------+---------+-------

Illustrated notes

Table legend:
 A = Kills in this place as a percentage of kills in entire the game.
 B = Kills by you in this place as a percentage of kills by you in the entire game.
 C = Kills by friends in this place as a percentage of kills by friends in the entire game.
 D = Other kills in this place as a percentage of other kills in the entire game.
 E = Experience gained in this place as a percentage of experience gained in the entire game.
 F = Experience gained in this place divided by the number of levels of this place that you have seen.
                   A       B       C       D       E      F
               +-------+-------+-------+-------+-------+----------------------
         Total | 100.0 | 100.0 |   N/A |   N/A | 100.0 |  20.5
       Dungeon | 100.0 | 100.0 |   N/A |   N/A | 100.0 |  20.5
               +-------+-------+-------+-------+-------+----------------------

Table legend: (Time is in decaauts)
 A = Elapsed time spent in this place.
 B = Non-inter-level travel time spent in this place.
 C = Inter-level travel time spent in this place.
 D = Time resting spent in this place.
 E = Time spent auto-exploring this place.
 F = Levels seen in this place.
 G = Mean time per level.
                   A        B        C        D        E       F      G
               +--------+--------+--------+--------+--------+-----+--------+
         Total |   1763 |   1721 |     42 |      0 |   1559 |   2 |  881.5 |
       Dungeon |   1763 |   1721 |     42 |      0 |   1559 |   2 |  881.5 |
               +--------+--------+--------+--------+--------+-----+--------+

Top non-repeatable levels by time:
     D:1: 1360 daAuts
     D:2: 402 daAuts
